 Dungeon Crawl Stone Soup version 0.18-b1-2-gd0c887e (webtiles) character file.

460 dobroeutro the Cudgeler (level 7, -1/41 HPs)
             Began as a Gargoyle Fighter on Apr 28, 2016.
             Shot with an arrow by a centaur (3 damage)
             ... on level 4 of the Dungeon.
             The game lasted 00:03:09 (2279 turns).

dobroeutro the Cudgeler (Gargoyle Fighter)          Turns: 2279, Time: 00:03:10

Health: -1/41      AC: 15    Str: 21    XL:     7   Next: 7%
Magic:  7/7        EV:  5    Int:  9    God:
Gold:   137        SH:  9    Dex:  9    Spells: 0 memorised, 6 levels left

rFire  . . .     SeeInvis .     a - +0 flail
rCold  . . .     Gourm    .     v - +0 chain mail
rNeg   + . .     Faith    .     c - +0 shield
rPois  ∞         Spirit   .     q - +0 helmet
rElec  +         Dismiss  .     (no cloak)
rCorr  .         Reflect  .     (no gloves)
SustAt .         Harm     .     (no boots)
MR     .....                    (no amulet)
Stlth  ..........               (no ring)
                                (no ring)

@: not resistant to hostile enchantments, extremely unstealthy
A: negative energy resistance 1, electricity resistance, unbreathing,
petrification resistance, rot immunity, AC +4
a: no special abilities


You were on level 4 of the Dungeon.
You were very hungry.

You visited 1 branch of the dungeon, and saw 4 of its levels.

You collected 137 gold pieces.

Inventory:

Hand Weapons
 a - a +0 flail (weapon)
Armour
 b - a +0 scale mail
 c - a +0 shield (worn)
 q - a +0 helmet (worn)
 v - a +0 chain mail (worn)
Jewellery
 j - an uncursed ring of fire
Wands
 u - a wand of paralysis (11/24)
Scrolls
 e - 3 scrolls of identify {unknown}
 g - 2 scrolls of random uselessness {unknown}
 l - 2 scrolls of recharging {unknown}
 m - a scroll of fear {unknown}
 o - a scroll of immolation {unknown}
 r - a scroll of teleportation {unknown}
 s - 3 scrolls of amnesia {unknown}
Potions
 d - a potion of might
 h - a potion of berserk rage {unknown}
 p - a potion of curing {unknown}
Books
 n - a book of Battle

   Spells                             Type                      Level
   a - Infusion                       Charms                       1
   b - Shroud of Golubria             Charms/Translocation         2
   c - Song of Slaying                Charms                       2
   d - Spectral Weapon                Hexes/Charms                 3
   e - Regeneration                   Charms/Necromancy            3
Comestibles
 f - 6 bread rations
 i - a meat ration
 k - a beef jerky


   Skills:
 - Level 3.2 Fighting
 + Level 7.4 Maces & Flails
 - Level 3.2 Armour
 - Level 3.2 Shields


You had 6 spell levels left.
You didn't know any spells.

Dungeon Overview and Level Annotations

Branches:
Dungeon (4/15)
 Temple: D:4-7

Altars:
Ashenzari
Trog


Innate Abilities, Weirdness & Mutations

You are resistant to torment.
Your stone body is resilient (AC +4).
You are immune to poison.
You resist negative energy.
You are resistant to electric shocks.
You can survive without breathing.
You are immune to petrification.
You are immune to rotting.


Message History

You are too injured to fight recklessly!
You are too injured to fight recklessly!
You are too injured to fight recklessly!
You are too injured to fight recklessly!
You are too injured to fight recklessly!
There is an open door here.
You see here 21 arrows.
A centaur comes into view.
The centaur shouts!
The centaur wields a shortbow.
The centaur shoots an arrow.
You block the arrow.
The centaur shoots an arrow.
The arrow hits you.
* * * LOW HITPOINT WARNING * * *
You see here an arrow.
The centaur shoots an arrow.
You block the arrow.
The centaur shoots an arrow.
The arrow hits you.
* * * LOW HITPOINT WARNING * * *
You see here an arrow.
The centaur shoots an arrow.
The arrow hits you.
You die...

#. #... #.... .. #.... #....
#...# #+########
######....##..c##...##....##
....#...........<...#......#
....#...........@...#......#
....#...............#......#
#'####....###>O####.##.<..##
#...##....###(.#######....##
.................#(........#
....(............#....(....#
.."..............#.........#
.................#.........#
.................#.........#


You could see an ogre and a centaur.

Vanquished Creatures
  The ghost of SkaryMonk the Sneak, an amateur OpAs (D:3)
  A sky beast (D:4)
  A phantom (D:4)
  An orc wizard (D:3)
  A worker ant (D:4)
  5 adders
  4 worms
  4 dart slugs
  A giant gecko (D:3)
  5 orcs (D:3)
  4 giant cockroaches
  4 goblins
  3 hobgoblins
  4 jackals (D:2)
  2 kobolds (D:1)
  3 quokkas (D:3)
  A ball python (D:1)
  7 bats
  A giant newt (D:2)
  6 rats
59 creatures vanquished.

Notes
Turn   | Place    | Note
--------------------------------------------------------------
     0 | D:1      | dobroeutro the Gargoyle Fighter began the quest for the Orb.
     0 | D:1      | Reached XP level 1. HP: 14/14 MP: 1/1
   232 | D:1      | Reached XP level 2. HP: 17/19 MP: 2/2
   532 | D:1      | Reached skill level 3 in Maces & Flails
   782 | D:2      | Found a bloodstained altar of Trog.
   941 | D:2      | Reached XP level 3. HP: 11/23 MP: 3/3
  1240 | D:2      | Reached skill level 4 in Maces & Flails
  1442 | D:2      | Reached XP level 4. HP: 28/28 MP: 4/4
  1539 | D:3      | Found a shattered altar of Ashenzari.
  1654 | D:3      | Noticed SkaryMonk's ghost (amateur OpAs)
  1665 | D:3      | Killed SkaryMonk's ghost
  1665 | D:3      | Reached skill level 6 in Maces & Flails
  1665 | D:3      | Reached XP level 5. HP: 19/32 MP: 5/5
  1665 | D:3      | Reached XP level 6. HP: 22/37 MP: 6/6
  2162 | D:4      | Noticed a phantom
  2177 | D:4      | Noticed a sky beast
  2188 | D:4      | Killed a sky beast
  2190 | D:4      | Killed a phantom
  2190 | D:4      | Reached skill level 7 in Maces & Flails
  2190 | D:4      | Reached XP level 7. HP: 30/41 MP: 7/7
  2277 | D:4      | HP: 1/41 [centaur/arrow (3)]
  2279 | D:4      | Shot with an arrow by a centaur

Skill      XL: |  1  2  3  4  5  6 |
---------------+-------------------+-----
Maces & Flails | 3 4 6 7 |  7.4
Fighting       | |  3.2
Armour         | |  3.2
Shields        | |  3.2

Action                   |  1- 3 |  4- 6 |  7- 9 || total
-------------------------+-------+-------+-------++-------
Melee: Flail             |   168 |   114 |    27 ||   309
  Eat: Chunk             |     2 |     2 |       ||     4
Armor: Scale mail        |   118 |    99 |     8 ||   225
       Chain mail        |       |       |     1 ||     1
Dodge: Dodged            |    52 |    52 |     7 ||   111
Block: Shield            |   114 |    68 |    16 ||   198
